AoeStats
← AgentMars

Oasis

509683866Analyzed
3v3 RM · 4d ago on Sep 27, 2026· 44m 22s· 6 players
Game mode
Random Map
Map size
Normal (6 player)
Population
200
Speed
Normal
Resources
Standard
Victory
Conquest
Starting age
Dark Age
Ending age
Imperial Age
RankedLock teamsTeams togetherTeam positionsShared explorationLock speedFull tech treeHidden civsTurbo modeCheats
Victory
Defeat
🇧🇪 Ethiopians · Belgium
1194
+15
🇦🇷 Maya · Argentina
1193
+15
🇲🇽 Goths · Mexico
1146
+18
🇹🇼 Varangians · Taiwan
1174
-16
🇹🇼 Hindustanis · Taiwan
1174
-16
🇹🇼 Italians · Taiwan
1172
-16
Ragnar-Lothbrok
11:20 Feudal Age
15:28 Castle Age
13:42 Stone Mining
13:59 Double-Bit Axe
17:50 Loom
20:28 Bow Saw
20:27 Horse Collar
23:10 Gold Mining
23:52 Scale Mail Armor
25:17 Chain Mail Armor
26:37 Wheelbarrow
27:40 Squires
27:45 Anarchy
28:49 Pikeman
32:34 Imperial Age
31:16 Heavy Plow
30:45 Man-at-Arms
31:23 Long Swordsman
32:40 Hand Cart
32:52 Forging
32:33 Fletching
33:36 Conscription
32:39 Halberdier
32:41 Two-Handed Swordsman
36:04 Crop Rotation
36:42 Two-Man Saw
37:33 Iron Casting
37:09 Champion
39:18 Perfusion
42:57 Chemistry
deagle
10:51 Feudal Age
12:38 Loom
13:17 Horse Collar
21:56 Castle Age
20:05 Fletching
20:14 Double-Bit Axe
20:22 Fletching
21:44 Gold Mining
22:03 Crossbowman
22:41 Bodkin Arrow
25:14 Heavy Plow
25:29 Bow Saw
26:37 Wheelbarrow
32:06 Imperial Age
30:53 Ballistics
31:12 Thumb Ring
32:13 Stone Mining
32:52 Bracer
32:39 Arbalester
35:43 Chemistry
35:55 Hand Cart
35:27 Town Watch
37:07 Town Patrol
38:24 Two-Man Saw
41:18 Conscription
TheHofmeister
5:01 Loom
10:56 Feudal Age
11:23 Double-Bit Axe
18:15 Castle Age
16:19 Fletching
16:28 Horse Collar
17:20 Gold Mining
17:36 Padded Archer Armor
18:38 Crossbowman
19:18 Bodkin Arrow
20:09 Leather Archer Armor
20:21 Heavy Plow
21:46 Wheelbarrow
28:14 Stone Mining
33:46 Imperial Age
31:35 Hand Cart
32:01 Thumb Ring
33:33 Gold Shaft Mining
33:19 Bow Saw
34:20 Ballistics
34:32 Bracer
36:17 Two-Man Saw
36:31 Ring Archer Armor
35:31 Arbalester
37:24 Chemistry
38:18 Conscription
41:08 Scale Mail Armor
41:19 Forging
loveerika1986
8:04 Loom
10:00 Feudal Age
15:41 Castle Age
14:25 Double-Bit Axe
14:56 Horse Collar
18:30 Bow Saw
24:03 Wheelbarrow
25:20 Husbandry
25:31 Bloodlines
27:07 Hand Cart
28:40 Gold Mining
34:10 Imperial Age
32:17 Scale Barding Armor
32:23 Forging
31:46 Vendel Legacy
34:03 Scale Mail Armor
34:40 Chain Barding Armor
34:29 Cavalier
36:27 Plate Barding Armor
37:05 Two-Man Saw
36:11 Heavy Plow
38:22 Stone Mining
39:22 Iron Casting
42:13 Blast Furnace
43:02 Gothikon
44:28 Stone Shaft Mining
43:50 Elite Varangian Guard
44:33 Squires
44:46 Scale Mail Armor
AgentMars
7:31 Loom
10:59 Feudal Age
13:04 Double-Bit Axe
20:15 Castle Age
19:07 Town Watch
20:00 Wheelbarrow
21:12 Fletching
22:52 Elite Skirmisher
29:20 Gold Mining
32:15 Bow Saw
34:20 Padded Archer Armor
35:21 Leather Archer Armor
42:37 Imperial Age
44:31 Chemistry
Liu
7:12 Loom
10:46 Feudal Age
14:51 Castle Age
13:46 Double-Bit Axe
14:41 Horse Collar
17:53 Bow Saw
20:43 Heavy Plow
24:13 Wheelbarrow
26:15 Scale Barding Armor
26:21 Forging
26:55 Bloodlines
26:45 Husbandry
26:34 Light Cavalry
32:43 Scale Mail Armor
33:18 Iron Casting
35:33 Imperial Age
36:08 Grand Trunk Road
36:04 Fletching
37:16 Blast Furnace
36:37 Chain Barding Armor
37:55 Chemistry
37:16 Ballistics
37:18 Hand Cart
36:48 Town Watch
37:57 Shatagni
40:06 Bodkin Arrow
42:02 Chain Mail Armor
41:48 Bracer
41:48 Padded Archer Armor
Connection lost

Rejoining the realm…

Still unreachable

The connection could not be restored.

Session expired

The server has moved on; the page needs a fresh start.